 Dungeon Crawl Stone Soup version 0.30.1-9-gdf580d7c3d (webtiles) character file.

Game seed: 11556257424420735874

39 Zaccai the Grasshopper (level 3, -1/31 HPs)
             Began as a Gnoll Warper on Oct 4, 2023.
             Slain by an orc
             ... wielding a +0 trident
              (8 damage)
             ... on level 1 of the Dungeon.
             The game lasted 00:07:54 (899 turns).

Zaccai the Grasshopper (Gnoll Warper)                Turns: 899, Time: 00:07:55

Health: -1/31      AC:  3    Str: 10    XL:     3   Next: 45%
Magic:  5/9        EV: 12    Int: 14    God:
Gold:   47         SH:  0    Dex: 11    Spells: 7/12 levels left

rFire   . . .        a - +0 hand axe
rCold   . . .        (no shield)
rNeg    . . .        b - +0 leather armour
rPois   .            (no helmet)
rElec   .            (no cloak)
rCorr   .            (no gloves)
SInv    .            (no boots)
Will    .....        (no amulet)
Stlth   +            (no ring)
HPRegen 0.25/turn    (no ring)
MPRegen 0.11/turn

%: no passive effects
@: no status effects
A: fangs 1, strong nose, distributed training
a: no special abilities


You were on level 1 of the Dungeon.
You visited 1 branch of the dungeon, and saw 2 of its levels.

You collected 47 gold pieces.

Inventory:

Hand Weapons
 a - a +0 hand axe (weapon)
 n - a +2 dagger of speed
 o - a +2 dagger of venom
Missiles
 d - 7 boomerangs of dispersal (quivered)
Armour
 b - a +0 leather armour (worn)
Scrolls
 c - 2 scrolls of blinking
 e - 4 scrolls of teleportation {unknown}
 f - a scroll of poison {unknown}
 i - a scroll of vulnerability {unknown}
 l - a scroll of butterflies {unknown}
 m - a scroll of magic mapping {unknown}
 p - 3 scrolls of identify {unknown}
Potions
 g - a potion of invisibility {unknown}
 h - a potion of attraction {unknown}
 j - a potion of brilliance {unknown}
 k - a potion of curing {unknown}


   Skills:
 + Level 4.5 Fighting
 + Level 0.9 Short Blades
 + Level 0.9 Long Blades
 + Level 4.5 Axes
 + Level 0.9 Maces & Flails
 + Level 0.9 Polearms
 + Level 0.9 Staves
 + Level 0.9 Ranged Weapons
 + Level 2.6 Throwing
 + Level 2.6 Armour
 + Level 4.5 Dodging
 + Level 0.9 Stealth
 + Level 0.9 Shields
 + Level 0.9 Unarmed Combat
 + Level 5.0 Spellcasting
 + Level 0.6 Conjurations
 + Level 0.6 Hexes
 + Level 0.6 Summonings
 + Level 0.6 Necromancy
 + Level 5.4 Translocations
 + Level 0.6 Transmutations
 + Level 0.6 Fire Magic
 + Level 0.6 Ice Magic
 + Level 0.6 Air Magic
 + Level 0.6 Earth Magic
 + Level 0.6 Poison Magic
 + Level 1.0 Invocations
 + Level 0.9 Evocations


You had 7 spell levels left.
You knew the following spells:

 Your Spells              Type           Power      Damage    Failure   Level
a - Blink                 Tloc           36%        N/A       3%          2
b - Sandblast             Erth           10%        2d5       19%         1
c - Passwall              Tmut/Erth      4%         N/A       26%         2

Your spell library contained the following spells:

 Spells                   Type           Power      Damage    Failure   Level
 Lesser Beckoning         Tloc           36%        N/A       3%          2
 Teleport Other           Tloc           18%        N/A       8%          3
 Vhi's Electric Charge    Tloc/Air       24%        N/A       21%         3
 Manifold Assault         Tloc           18%        N/A       24%         4
 Stone Arrow              Conj/Erth      10%        3d7       47%         3
 Animate Armour           Summ/Erth      10%        N/A       87%         4
 Lehudib's Crystal Spear  Conj/Erth      2%         10d2      100%        8


Dungeon Overview and Level Annotations

Branches:
Dungeon (2/15)

Altars:


Innate Abilities, Weirdness & Mutations

You have very sharp teeth.
Your uncanny sense of smell can sniff out nearby items.
Your experience applies equally to all skills.


Message History

The blast of sand hits the orc but does no damage.
The orc is heavily wounded.
An orc priest comes into view.
It is wielding a +2 hand axe of flaming.
The orc hits you from afar with a +0 trident.
Casting: Sandblast (safe; 19% risk of failure)
Confirm with . or Enter, or press ? or * to list all spells.
Aiming: Sandblast (safe; 19% risk of failure)
Press: ? - help, Shift-Dir - straight line, f/p - orc
Aim: an orc, wielding a +0 trident and wearing a +0 scale mail (heavily wounded, 83% to hit)
The blast of sand hits the orc but does no damage.
The orc is heavily wounded.
The orc priest shouts!
The orc priest calls down the wrath of Beogh upon you.
Beogh smites you! The orc closely misses you.
The orc hits you from afar with a +0 trident.
Casting: Sandblast (safe; 19% risk of failure)
Confirm with . or Enter, or press ? or * to list all spells.
Aiming: Sandblast (safe; 19% risk of failure)
Press: ? - help, Shift-Dir - straight line, f/p - orc
Aim: an orc, wielding a +0 trident and wearing a +0 scale mail (heavily wounded, 83% to hit)
The blast of sand misses the orc.
The orc closely misses you.
Unknown command.
There is an escape hatch in the ceiling here.
The orc priest calls upon Beogh to heal the orc.
The orc's wounds heal themselves!
The orc barely misses you.
There is an escape hatch in the ceiling here.
The orc barely misses you. A mysterious force pulls you upwards.
The hatch slams shut behind you.
You see here a stone.
Casting: Sandblast (safe; 19% risk of failure)
Confirm with . or Enter, or press ? or * to list all spells.
Aiming: Sandblast (safe; 19% risk of failure)
Press: ? - help, Shift-Dir - straight line, f - orc
Aim: an orc, wielding a +0 trident and wearing a +0 scale mail (83% to hit)
The blast of sand hits the orc but does no damage.
The orc hits you with a +0 trident. The orc closely misses you.
You hit the orc but do no damage. The orc hits you with a +0 trident.
* * * LOW HITPOINT WARNING * * *
You hit the orc but do no damage. The orc hits you with a +0 trident!
You die...

##### ####...# #......# #.##...#
############# #.###.##
#....†....... ##### #.# #.#
#.####.......
#...########.###@####.# #.#####.
#...............o.....# #.# #.
#...########.###.###..# #.# #.
##.## #.# #.###..####.# #. #.#
#.# #...........# #. #.#
####.#######..####.# #. #.#
#..................# #.
#.######.##.#######..##########.
#.##.........# #.............


You could see an orc.

Vanquished Creatures
  A dart slug (D:1)
  A ball python (D:1)
  2 endoplasms (D:1)
  2 giant cockroaches (D:1)
  5 goblins (D:1)
  A hobgoblin (D:1)
  7 jackals
  A quokka (D:1)
  4 bats (D:1)
  A frilled lizard (D:1)
  3 kobolds (D:1)
  3 rats (D:1)
31 creatures vanquished.

Notes
Turn   | Place    | Note
-------+----------+-------------------------------------------
     0 | D:1      | Zaccai the Gnoll Warper began the quest for the Orb.
     0 | D:1      | Reached XP level 1. HP: 20/20 MP: 6/6
    58 | D:1      | Reached XP level 2. HP: 24/26 MP: 7/7
    83 | D:1      | Learned a level 2 spell: Blink
   295 | D:1      | Learned a level 1 spell: Sandblast
   298 | D:1      | Learned a level 2 spell: Passwall
   324 | D:1      | Reached skill level 5 in Spellcasting
   324 | D:1      | Reached XP level 3. HP: 20/31 MP: 7/9
   618 | D:1      | Reached skill level 1 in Invocations
   899 | D:1      | Slain by an orc

Illustrated notes

Levels and vault maps discovered:
D:1:      psy_arrival_statuary, layout_loops_ring, minmay_tetromino_l4
D:2:      layout_basic, hellmonk_ecumenical_altar_defaced_shrine, basic_altar,
          due_unseen_surprise, uniq_crazy_yiuf_cottage

Skill      XL: |  1  2  3 |
---------------+----------+-----
Spellcasting   | 5 |  5.0
Invocations    | 1 |  1.0
Fighting       | |  4.5
Short Blades   | |  0.9
Long Blades    | |  0.9
Axes           | |  4.5
Maces & Flails | |  0.9
Polearms       | |  0.9
Staves         | |  0.9
Ranged Weapons | |  0.9
Throwing       | |  2.6
Armour         | |  2.6
Dodging        | |  4.5
Stealth        | |  0.9
Shields        | |  0.9
Unarmed Combat | |  0.9
Conjurations   | |  0.6
Hexes          | |  0.6
Summonings     | |  0.6
Necromancy     | |  0.6
Translocations | |  5.4
Transmutations | |  0.6
Fire Magic     | |  0.6
Ice Magic      | |  0.6
Air Magic      | |  0.6
Earth Magic    | |  0.6
Poison Magic   | |  0.6
Evocations     | |  0.9

Action                     || total
---------------------------++-------
  Melee: Hand axe          ||    85
         Bite              ||     9
         Punch             ||     1
   Cast: Sandblast         ||     6
   Stab: Sleeping          ||     1
 Armour: Leather armour    ||    16
  Dodge: Dodged            ||    70
